 Dungeon Crawl Stone Soup version 0.23.2-30-g0e89c35649 (webtiles) character file.

Game seed: 12754904683038717022

909 Kairos the Chopper (level 7, 0/64 HPs)
             Began as a Deep Dwarf Fighter on June 10, 2019.
             Slain by an ogre
             ... wielding a +0 giant spiked club
              (19 damage)
             ... on level 6 of the Dungeon.
             The game lasted 00:05:16 (3656 turns).

Kairos the Chopper (Deep Dwarf Fighter)             Turns: 3656, Time: 00:05:17

Health: 0/64       AC: 11    Str: 22    XL:     7   Next: 81%
Magic:  5/5        EV:  7    Int: 11    God:
Gold:   251        SH: 10    Dex: 12    Spells: 6/6 levels left

rFire    . . .     SeeInvis .   o - +5 hand axe (elec)
rCold    . . .     Gourm    .   c - +0 shield
rNeg     . . .     Faith    .   y - +0 chain mail
rPois    .         Spirit   .   u - +0 helmet
rElec    .         Reflect  .   (no cloak)
rCorr    .         Harm     .   (no gloves)
MR       +++..                  (no boots)
Stlth    ..........             (no amulet)
HPRegen  0.00/turn              w - ring of the Mage {Wiz MR++ Int+3}
MPRegen  0.09/turn              (no ring)

@: non-regenerating
A: damage resistance, heal wounds, sense surroundings 1, no regeneration
a: Heal Wounds


You were on level 6 of the Dungeon.
You were not hungry.

You visited 1 branch of the dungeon, and saw 6 of its levels.

You collected 251 gold pieces.

Inventory:

Hand Weapons
 a - a +0 war axe
 o - a +5 hand axe of electrocution (weapon)
Armour
 b - a +0 scale mail
 c - a +0 shield (worn)
 u - a +0 helmet (worn)
 y - a +0 chain mail (worn)
Jewellery
 w - the ring of the Mage (left hand) {Wiz MR++ Int+3}
   (You found it on level 5 of the Dungeon)

   [ring of wizardry]

   It improves your spell success rate.
   It affects your intelligence (+3).
   It affects your resistance to hostile enchantments.
Wands
 r - a wand of random effects (15)
Scrolls
 j - a scroll of teleportation
 k - a scroll of blinking {unknown}
 m - 2 scrolls of noise {unknown}
 n - a scroll of random uselessness {unknown}
 q - 2 scrolls of immolation {unknown}
 t - 2 scrolls of remove curse {unknown}
Potions
 d - 3 potions of might
 e - a potion of berserk rage {unknown}
 g - a potion of heal wounds {unknown}
 i - 3 potions of haste
 l - 2 potions of ambrosia {unknown}
 p - 3 potions of curing {unknown}
 s - a potion of magic {unknown}
 v - a potion of agility {unknown}
 x - a potion of lignification {unknown}
Comestibles
 f - 5 rations
 z - 2 chunks of flesh


   Skills:
 + Level 4.1 Fighting
 + Level 6.0 Axes
 + Level 5.7 Armour
 + Level 2.6 Dodging
 + Level 0.3 Stealth
 + Level 5.1 Shields
 + Level 0.6 Evocations


You had 6 spell levels left.
You didn't know any spells.
Your spell library was empty.

Dungeon Overview and Level Annotations

Branches:
Dungeon (6/15)
 Temple: D:4-7

Altars:


Innate Abilities, Weirdness & Mutations

You are resistant to damage.
You can heal yourself by infusing magical energy.
You passively map a small area around you.
You do not regenerate.


Message History

You are too injured to fight recklessly!
You are too injured to fight recklessly!
You are too injured to fight recklessly!
You are too injured to fight recklessly!
Your shield and chain mail prevent you from hitting the ogre.
You slash the ogre!
The ogre is moderately wounded.
You block the ogre's attack.
You slash the ogre!
The ogre is heavily wounded.
The ogre hits you with a +0 giant spiked club!
* * * LOW HITPOINT WARNING * * *
Evoke which item? (* to show all) (? for menu, Esc to quit)
Aiming: Random Effects
Press: ? - help, Shift-Dir - straight line, f - ogre
Aim: an ogre, wielding a +0 giant spiked club (heavily wounded)
The puff of frost hits the ogre.
The ogre is severely wounded.
The ogre hits you with a +0 giant spiked club!!
You die...

, , , .... , .. , ,
, .... .#* .# * ,
....,, .. .# ### ,
... ###. * .##...
#####.##?., ##.#.. *
.........######....
*#................#
#...O@......#.## ,
#.#..####...)..#####
* ....> ####))†....#
, ,,....### ###
##....#.# * .#.* *,
..###.##..... #.
#.#...# ###... .
#.#.### .. #.....# *
. ###>#.## ,.


You could see an ogre.

Vanquished Creatures
  An orc warrior (D:6)
  An ice beast (D:5)
  An ogre (D:5)
  The ghost of zub the Covered, an amateur DsWn (D:3)
  A scorpion (D:4)
  3 orc priests
  A gnoll shaman (D:6)
  3 iguanas
  2 orc wizards (D:3)
  A hound skeleton (D:4)
  6 gnolls
  9 adders
  An ooze (D:1)
  An adder zombie (D:5)
  5 worms
  3 dart slugs
  3 leopard geckos
  8 orcs
  2 ball pythons
  6 giant cockroaches
  2 goblins
  5 kobolds
  2 quokkas
  5 bats
  9 frilled lizards
  A jackal skeleton (D:5)
  A leopard gecko skeleton (D:4)
  8 rats
92 creatures vanquished.

Notes
Turn   | Place    | Note
-------+----------+-------------------------------------------
     0 | D:1      | Kairos the Deep Dwarf Fighter began the quest for the Orb.
     0 | D:1      | Reached XP level 1. HP: 20/20 MP: 1/1
   182 | D:1      | Reached XP level 2. HP: 25/27 MP: 2/2
   771 | D:2      | Reached XP level 3. HP: 32/33 MP: 3/3
  1129 | D:2      | Reached XP level 4. HP: 37/42 MP: 4/4
  1554 | D:3      | Reached skill level 3 in Axes
  1554 | D:3      | Reached skill level 1 in Dodging
  1554 | D:3      | Reached XP level 5. HP: 32/49 MP: 5/5
  1604 | D:3      | Reached skill level 5 in Armour
  1968 | D:3      | Found a runed translucent door.
  2098 | D:3      | Noticed zub's ghost (amateur DsWn)
  2133 | D:3      | Reached skill level 4 in Axes
  2141 | D:3      | Killed zub's ghost
  2141 | D:3      | Reached XP level 6. HP: 42/56 MP: 6/6
  2828 | D:5      | Entered Level 5 of the Dungeon
  2939 | D:5      | Found the ring of the Mage {Wiz MR++ Int+3}
  3174 | D:5      | Noticed an ice beast
  3186 | D:5      | Killed an ice beast
  3186 | D:5      | Reached skill level 5 in Axes
  3186 | D:5      | Reached XP level 7. HP: 61/63 MP: 6/6
  3589 | D:6      | Reached skill level 5 in Shields
  3621 | D:6      | Reached skill level 6 in Axes
  3656 | D:6      | Slain by an ogre

Skill      XL: |  1  2  3  4  5  6  7 |
---------------+----------------------+-----
Armour         | 4 5 |  5.7
Fighting       | 3 4 |  4.1
Axes           | 3 4 5 6 |  6.0
Dodging        | 1 2 |  2.6
Shields        | 4 5 |  5.1
Stealth        | |  0.3
Evocations     | |  0.6

Action                   |  1- 3 |  4- 6 |  7- 9 || total
-------------------------+-------+-------+-------++-------
Melee: War axe           |    96 |    49 |       ||   145
       Hand axe          |       |   122 |    41 ||   163
 Abil: Heal Wounds       |     2 |     2 |     2 ||     6
Evoke: Wand              |       |       |     6 ||     6
  Use: Scroll            |     2 |     1 |     3 ||     6
  Eat: Chunk             |       |     7 |     2 ||     9
Armor: Scale mail        |    56 |    66 |    12 ||   134
Dodge: Dodged            |    46 |    42 |     8 ||    96
Block: Shield            |    58 |    90 |    19 ||   167
